 Dungeon Crawl Stone Soup version 0.28-a0-1347-g113dc556a4 (webtiles) character file.

Game seed: 13474801609694328370

2933 bande the Chopper (level 9, -2/55 HPs)
             Began as a Gargoyle Fighter on Dec 29, 2021.
             Was a Priest of Okawaru.
             Slain by an orc knight (11 damage)
             ... in a bailey.
             The game lasted 00:12:26 (6262 turns).

bande the Chopper (Gargoyle Fighter)                Turns: 6262, Time: 00:12:27

Health: -2/55      AC: 19    Str: 25    XL:     9   Next: 80%
Magic:  12/12      EV:  5    Int: 10    God:    Okawaru [***...]
Gold:   344        SH: 11    Dex: 13    Spells: 8/8 levels left

rFire   . . .      SeeInvis .   a - +1 war axe (elec)
rCold   . . .      Faith    .   e - +1 kite shield
rNeg    + . .      Spirit   .   j - +0 plate armour
rPois   ∞          Reflect  .   (no helmet)
rElec   +          Harm     .   (no cloak)
rCorr   .          Rampage  .   (no gloves)
Will    .....                   (no boots)
Stlth   ..........              s - amulet of regeneration
HPRegen 0.98/turn               f - +6 ring of strength
MPRegen 0.13/turn               (no ring)

@: no status effects
A: sickness immunity, AC +6, negative energy resistance 1, electricity
resistance, torment resistance 1, petrification resistance
a: Renounce Religion, Heroism


You were in a bailey.
You worshipped Okawaru.
Okawaru was most pleased with you.
You visited 2 branches of the dungeon, and saw 8 of its levels.
You also visited: Bailey.

You collected 344 gold pieces.

Inventory:

Hand Weapons
 a - a +1 war axe of electrocution (weapon)
 m - a +0 war axe
 x - a +0 morningstar
 z - a +2 hand axe of electrocution
Armour
 e - a +1 kite shield (worn)
 j - a +0 plate armour (worn)
Jewellery
 f - a +6 ring of strength (left hand)
 k - a ring of wizardry
 o - a ring of ice
 s - an amulet of regeneration (around neck)
 y - an amulet of magic regeneration
Wands
 d - a wand of iceblast (8)
 i - a wand of digging (1)
Scrolls
 n - a scroll of amnesia
 r - a scroll of magic mapping
 t - a scroll of holy word {unknown}
 u - 4 scrolls of teleportation
 v - a scroll of fog
 w - a scroll of enchant weapon
Potions
 b - 3 potions of curing
 c - 4 potions of brilliance
 g - 2 potions of flight
 l - 2 potions of mutation
 p - 2 potions of lignification {unknown}
 q - a potion of attraction {unknown}


   Skills:
 + Level 6.2 Fighting
 + Level 7.6 Axes
 + Level 6.1 Armour
 - Level 0.1 Dodging
 + Level 6.2 Shields
 * Level 4.4 Invocations
 * Level 4.1 Evocations


You had 8 spell levels left.
You didn't know any spells.
Your spell library contained the following spells:

 Spells                   Type           Power      Damage    Failure   Level
 Foxfire                  Conj/Fire      0%         2x1d4     100%        1
 Wereblood                Tmut           0%         N/A       100%        2
 Conjure Flame            Conj/Fire      0%         6-21      100%        3
 Dazzling Flash           Conj/Hex       0%         N/A       100%        3
 Inner Flame              Hex/Fire       0%         N/A       100%        3
 Flame Wave               Conj/Fire      0%         2d4       100%        4
 Agony                    Necr           0%         N/A       100%        5
 Silence                  Hex/Air        0%         N/A       100%        5
 Sublimation of Blood     Necr           Unusable   N/A       N/A         2
 Summon Hydra             Summ           Unusable   N/A       N/A         7

Dungeon Overview and Level Annotations

Branches:
Dungeon (7/15)             Temple (1/1) D:4          Bailey (1/1)

Altars:
Ashenzari
Cheibriados
Dithmenos
Elyvilon
Fedhas
Gozag
Kikubaaqudgha
Makhleb
Nemelex Xobeh
Okawaru
Qazlal
Ru
Sif Muna
Trog
Uskayaw
Vehumet
Wu Jian
Xom
Yredelemnul
Zin
The Shining One

Shops:
D:1 *   D:3 *   D:4 ?   D:6 ![=[*   D:7 [

Annotations:
D:7 2 transporters


Innate Abilities, Weirdness & Mutations

You are immune to sickness and miasma.
Your stone body is resilient. (AC +6)
You are immune to poison.
You resist negative energy. (rN+)
You are resistant to electric shocks. (rElec)
You are resistant to unholy torment.
You are immune to petrification.


Message History

You block the orc knight's attack.
Unknown command.
You feel better. You block the orc knight's attack.
You are confused.
You feel invigorated.
The orc knight hits you but does no damage.
You're too confused to move!
The orc knight hits you but does no damage.
Your shield and plate armour prevent you from hitting the orc knight.
The orc knight is heavily wounded.
The orc knight hits you with a +0 war axe!!
* * * LOW HITPOINT WARNING * * *
You're too confused to move!
The orc knight barely misses you.
Unknown command.
You hit the orc knight.
The orc knight is heavily wounded.
You feel less invigorated.
You feel less confused.
The orc knight hits you with a +0 war axe.
You closely miss the orc knight.
The orc knight is heavily wounded.
You block the orc knight's attack.
The orc knight hits you but does no damage.
You closely miss the orc knight.
The orc knight is heavily wounded.
You block the orc knight's attack.
You barely miss the orc knight.
The orc knight is heavily wounded.
The orc knight hits you with a +0 war axe!
* * * LOW HITPOINT WARNING * * *
You closely miss the orc knight.
The orc knight is heavily wounded.
You block the orc knight's attack.
The orc knight hits you with a +0 war axe.
* * * LOW HITPOINT WARNING * * *
Unknown command.
You barely miss the orc knight.
The orc knight is heavily wounded.
The orc knight hits you with a +0 war axe!
You die...

#....≈≈.......≈≈....#
#.###≈≈.......≈≈###.#
#....≈≈.......≈≈....#
#.###≈≈.......≈≈###.#
#....≈≈.......≈≈....#
#.###≈≈.......≈≈###.#
#....≈≈.......≈≈....#
#####≈≈...o...≈≈#####
##≈...@...≈##
####(((#### #).)#
#.((# #...# ##'''##
##..∩..## #.......#
#...∩...#


You could see an orc knight.

Vanquished Creatures
  Pikel (D:7)
  Grinder (D:3)
  4 black bears
  An orc warrior (D:7)
  3 necrophages
  3 ogres
  2 centaurs (D:6)
  3 lemures (D:7)
  4 kobold brigands
  A bullfrog (D:7)
  2 scorpions
  A water moccasin skeleton (D:3)
  A water moccasin zombie (D:5)
  A centaur zombie (D:5)
  A bullfrog skeleton (D:5)
  A hound (D:6)
  2 orc priests
  A jelly (D:5)
  Jessica (D:2)
  2 iguanas
  6 orc wizards
  A howler monkey zombie (D:6)
  3 gnolls
  3 adders
  2 white imps (D:6)
  An adder skeleton (D:5)
  3 worms
  18 orcs
  8 bats
  6 endoplasms
  3 giant cockroaches
  12 hobgoblins
  3 jackals (D:2)
  4 quokkas
  5 ball pythons
  3 frilled lizards
  11 goblins
  22 kobolds
  A quokka skeleton (D:4)
  3 rats
154 creatures vanquished.

Notes
Turn   | Place    | Note
-------+----------+-------------------------------------------
     0 | D:1      | bande the Gargoyle Fighter began the quest for the Orb.
     0 | D:1      | Reached XP level 1. HP: 14/14 MP: 1/1
    72 | D:1      | Found Kucvaharina's General Store.
   160 | D:1      | Reached XP level 2. HP: 14/19 MP: 2/2
   532 | D:1      | Reached skill level 2 in Axes
   561 | D:1      | Reached XP level 3. HP: 23/23 MP: 3/3
   862 | D:1      | Found a faded altar of an unknown god.
  1218 | D:2      | Noticed Jessica
  1228 | D:2      | Killed Jessica
  1229 | D:2      | Reached XP level 4. HP: 23/29 MP: 4/4
  1410 | D:2      | Reached skill level 3 in Axes
  2051 | D:3      | Noticed a kobold brigand
  2063 | D:3      | Killed a kobold brigand
  2064 | D:3      | Reached XP level 5. HP: 27/33 MP: 5/5
  2271 | D:3      | Reached skill level 4 in Axes
  2271 | D:3      | Reached XP level 6. HP: 28/38 MP: 6/6
  2764 | D:3      | Found Ery Ushru's General Store.
  2793 | D:3      | Noticed Grinder
  2805 | D:3      | Paralysed by Grinder for 6 turns
  2823 | D:3      | Killed Grinder
  2824 | D:3      | Reached skill level 1 in Evocations
  2824 | D:3      | Reached XP level 7. HP: 27/44 MP: 7/7
  2854 | D:3      | Identified the +3 leather armour "Afuecous" {*Slow Dex+9}
  3146 | D:4      | Found an ornate altar of the Wu Jian Council.
  3146 | D:4      | Found a snail-covered altar of Cheibriados.
  3146 | D:4      | Found an opulent altar of Gozag.
  3186 | D:4      | Found a bloodstained altar of Trog.
  3186 | D:4      | Found a stormy altar of Qazlal.
  3192 | D:4      | Found a radiant altar of Vehumet.
  3206 | D:4      | Found a blossoming altar of Fedhas.
  3223 | D:4      | Found Bosu's Magic Scroll Shop.
  3291 | D:4      | Reached skill level 5 in Axes
  3495 | D:4      | Found a staircase to the Ecumenical Temple.
  3506 | Temple   | Entered the Ecumenical Temple
  3580 | Temple   | Became a worshipper of Warmaster Okawaru
  3824 | D:5      | Entered Level 5 of the Dungeon
  3850 | D:5      | Reached skill level 5 in Shields
  3852 | D:5      | Reached skill level 1 in Invocations
  3852 | D:5      | Reached XP level 8. HP: 40/48 MP: 8/8
  4184 | D:5      | Reached * piety under Okawaru
  4185 | D:5      | Reached skill level 5 in Fighting
  4279 | D:5      | Found a glowing silver altar of Zin.
  4279 | D:5      | Found a glowing golden altar of the Shining One.
  4279 | D:5      | Found a white marble altar of Elyvilon.
  4287 | D:5      | Reached skill level 5 in Armour
  4384 | D:5      | Reached skill level 6 in Axes
  4731 | D:6      | Found Pamy's Jewellery Boutique.
  4873 | D:6      | Found Mucuu's Distillery.
  4991 | D:6      | Found Barchac's Armour Shoppe.
  5167 | D:6      | Reached ** piety under Okawaru
  5173 | D:6      | Reached XP level 9. HP: 42/54 MP: 11/11
  5410 | D:6      | Found Pellapys's Assorted Antiques.
  5461 | D:6      | Found Jumira's Armour Emporium.
  5860 | D:7      | Noticed Pikel
  5890 | D:7      | Killed Pikel
  5891 | D:7      | Reached skill level 7 in Axes
  5942 | D:7      | Found a transporter.
  6001 | D:7      | Reached *** piety under Okawaru
  6079 | D:7      | Found Bumas's Antique Armour Shop.
  6100 | D:7      | Found a transporter.
  6116 | D:7      | Found a flagged portal.
  6128 | Bailey   | Entered a bailey
  6233 | Bailey   | Noticed an orc knight
  6262 | Bailey   | Slain by an orc knight

Illustrated notes

Levels and vault maps discovered:
D:1:      mrwooster_arrival_statue_2, layout_basic,
          hellmonk_ecumenical_altar_crossroads, serial_shops, shop
D:2:      layout_loops_ring, uniq_jessica
D:3:      kennysheep_big_flooded_room, layout_basic, serial_shops, shop,
          kennysheep_generic_room_9, uniq_grinder
D:4:      layout_rooms, mainiacjoe_overflow_small_starburst,
          grunt_temple_overflow_open, minmay_temple_entry_slanted, serial_shops,
          shop
D:5:      layout_rooms, good_gods_mini_temple
D:6:      layout_layer_cave, serial_shops, shop, kennysheep_mini,
          nicolae_shop_behind_doors, shop, shop_statue
D:7:      gammafunk_steamed_eel, layout_cave_pools, enter_bailey_2,
          nicolae_take_the_stairs, uniq_pikel
Temple:   jpeg_temple_clearing
Bailey:   bailey_axe_3, bailey

Skill      XL: |  1  2  3  4  5  6  7  8  9 |
---------------+----------------------------+-----
Axes           | 2 3 4 5 6 7 |  7.6
Fighting       | 4 5 6 |  6.2
Armour         | 4 5 6 |  6.1
Shields        | 4 5 6 |  6.2
Evocations     | 1 2 3 4 |  4.1
Invocations    | 1 3 4 |  4.4
Dodging        | |  0.1

Action                   |  1- 3 |  4- 6 |  7- 9 || total
-------------------------+-------+-------+-------++-------
Melee: War axe           |    89 |   104 |   262 ||   455
  Use: Scroll            |     2 |     5 |    10 ||    17
       Potion            |       |       |     5 ||     5
Armor: Scale mail        |    45 |       |       ||    45
       Plate armour      |       |    95 |   288 ||   383
Dodge: Dodged            |    37 |    24 |    72 ||   133
Block: Buckler           |    12 |       |       ||    12
       Kite shield       |    15 |    58 |   172 ||   245

Table legend: (Time is in decaauts)
 A = Elapsed time spent in this place.
 B = Non-inter-level travel time spent in this place.
 C = Inter-level travel time spent in this place.
 D = Time resting spent in this place.
 E = Time spent auto-exploring this place.
 F = Levels seen in this place.
 G = Mean time per level.
                   A        B        C        D        E       F      G
               +--------+--------+--------+--------+--------+-----+--------+
         Total |   6471 |   6374 |     97 |   1006 |   3772 |   9 |  719.0 |
       Dungeon |   6236 |   6152 |     84 |   1006 |   3717 |   7 |  890.9 |
        Temple |     88 |     75 |     13 |      0 |     55 |   1 |   88.0 |
        Bailey |    146 |    146 |      0 |      0 |      0 |   1 |  146.0 |
               +--------+--------+--------+--------+--------+-----+--------+

Top non-repeatable levels by time:
     D:6: 1193 daAuts
     D:1: 1136 daAuts
     D:3: 1093 daAuts
     D:2: 1024 daAuts
     D:5: 752 daAuts
     D:4: 618 daAuts
     D:7: 416 daAuts
  Bailey: 146 daAuts
  Temple: 88 daAuts
